Map: Romanticide LE

Players

ViBE - Winner!

  • Race: Terran Terran
  • League: Silver
  • Spawn Location: 11:00

jonnnhowss

  • Race: Protoss Protoss
  • League: Silver
  • Spawn Location: 5:00

VOD

Have the link to the VOD?

Description

Time

  • Played on: March 11, 2021, 4:03 p.m.
  • Length: 16:17
Show
View Real Time Build Order
Export as new Build Order

ViBE Terran - Winner!

Build Orders:  

Get SALT Encoding   

  12  0:00  SCV  
  13  0:12  SCV  
  14  0:18  Supply Depot  
  14  0:24  SCV  
  15  0:39  SCV  
  16  0:46  Barracks  
  16  0:52  SCV  
  16  0:56  Refinery  
  17  1:04  SCV  
  18  1:16  SCV  
  19  1:28  SCV  
  20  1:37  Marine  
  21  1:41  Orbital Command  
  21  1:52  Command Center  
  21  1:55  Marine  
  22  2:07  SCV  
  23  2:13  Marine  
  23  2:30  Supply Depot  
  23  2:43  Supply Depot  
  23  2:47  Factory  
  23  2:51  Marine  
  23  2:52  SCV  
  25  3:02  Refinery  
  25  3:04  SCV  
  25  3:05  Orbital Command  
  26  3:11  Barracks Reactor  
  26  3:16  SCV  
  27  3:28  SCV  
  27  3:33  SCV  
  29  3:35  Factory Tech Lab  
  29  3:39  Barracks  
  29  3:40  SCV  
  30  3:45  SCV  
  31  3:48  Marine  
  31  3:49  Marine  
  31  3:52  SCV  
  34  3:57  SCV, Siege Tank, Supply Depot  
  38  4:04  SCV  
  38  4:06  Marine x2  
  38  4:09  SCV  
  42  4:16  SCV  
  43  4:22  SCV  
  44  4:24  Marine x2  
  44  4:25  Barracks Tech Lab  
  44  4:29  Starport, Siege Tank  
  49  4:38  SCV x2  
  51  4:47  Supply Depot  
  51  4:48  Marine x2  
  51  4:49  Marine, Supply Depot  
  55  4:52  SCV  
  55  4:57  Orbital Command  
  55  5:07  Starport Reactor  
  55  5:10  SCV  
  56  5:22  SCV  
  56  5:25  SCV  
  58  5:35  SCV  
  59  5:37  SCV  
  60  5:46  Stimpack, Command Center  
  60  5:47  Marine x3, SCV  
  60  5:49  SCV, Siege Tank  
  68  5:50  Medivac x2  
  72  5:58  Refinery  
  72  5:59  SCV, Refinery  
  72  6:03  SCV  
  74  6:07  Supply Depot  
  74  6:11  SCV  
  75  6:14  Supply Depot  
  75  6:15  Supply Depot  
  75  6:18  SCV  
  76  6:22  Marine x2  
  78  6:29  Marine, SCV, Medivac x2  
  78  6:30  SCV  
  85  6:39  Barracks  
  85  6:40  Barracks  
  85  6:41  SCV, Barracks  
  85  6:42  SCV  
  85  6:43  Barracks  
  85  6:53  SCV  
  85  6:54  SCV  
  85  6:59  Orbital Command  
  86  7:05  SCV  
  86  7:06  SCV  
  88  7:11  Marine x3  
  91  7:18  Engineering Bay  
  91  7:19  Engineering Bay  
  91  7:20  SCV x2  
  93  7:24  Supply Depot  
  93  7:25  Supply Depot  
  93  7:27  Supply Depot  
  93  7:32  Barracks Reactor  
  93  7:33  Barracks Reactor x3  
  93  7:36  Marine x3  
  96  7:38  Medivac x2  
  96  7:42  Combat Shield  
  100  7:46  SCV  
  100  7:47  SCV x2  
  103  7:52  Terran Infantry Weapons Level 1  
  103  7:53  Terran Infantry Armor Level 1  
  103  7:59  Supply Depot x2  
  103  8:01  Supply Depot  
  103  8:02  Supply Depot  
  103  8:04  Supply Depot  
  103  8:15  Supply Depot  
  103  8:19  SCV  
  105  8:20  SCV x2  
  106  8:31  Refinery  
  106  8:32  Refinery  
  106  8:33  Marine x3, Command Center  
  106  8:34  Marine x8  
  113  8:37  Medivac x2  
  121  8:51  Marine x8  
  121  8:52  Marine x3  
  121  8:55  Armory  
  132  9:09  Marine x11  
  140  9:14  SCV x3  
  146  9:26  SCV x3  
  149  9:39  SCV x3  
  152  9:51  SCV x3  
  155  9:56  Marine x8  
  155  9:57  Marine x3  
  155  9:58  Medivac  
  155  9:59  Medivac  
  170  10:00  Terran Infantry Weapons Level 2  
  170  10:01  Terran Infantry Armor Level 2  
  170  10:03  Terran Vehicle Weapons Level 1  
  171  10:07  SCV x3  
  171  10:10  Planetary Fortress  
  171  10:14  Marine  
  172  10:19  SCV x3  
  176  10:22  Command Center  
  176  10:53  Marine x11  
  176  10:54  Medivac  
  176  10:55  Medivac  
  176  10:56  SCV x3  
  194  10:59  SCV  
  195  11:08  SCV  
  195  11:10  Marine  
  195  11:11  Marine x4, Missile Turret  
  198  11:15  Missile Turret  
  198  11:19  Missile Turret  
  197  11:27  Missile Turret x2  
  196  11:55  SCV  
  196  11:56  SCV x2  
  196  12:00  Planetary Fortress  
  199  12:15  Command Center  
  199  12:30  Terran Infantry Armor Level 3, Terran Infantry Weapons Level 3  
  199  12:32  Terran Vehicle Weapons Level 2  
  199  12:46  Barracks  
  199  12:47  Barracks  
  199  12:48  Barracks  
  199  12:49  Barracks x2  
  199  12:51  Barracks x2  
  199  12:52  Barracks  
  199  12:55  Barracks x3  
  199  12:56  Barracks  
  199  12:57  Barracks  
  199  12:58  Starport  
  199  13:29  Missile Turret  
  195  13:46  Marine  
  195  13:47  Marine x4  
  200  13:50  Barracks Tech Lab x3  
  200  13:51  Barracks Tech Lab  
  200  13:54  Barracks Reactor x9  
  198  13:55  Command Center  
  198  13:57  Starport Reactor  
  195  14:20  Planetary Fortress  
  174  14:31  Concussive Shells  
  174  14:34  Marauder x5  
  174  14:35  Medivac x4  
  174  14:36  Marine x8  
  189  14:55  Marauder x3  
  195  15:05  Medivac x2  
  198  15:08  Missile Turret  
  197  15:16  Planetary Fortress  
  185  15:30  Marine  
  185  15:31  Marine x15  
  199  15:35  Command Center  
Show
View Real Time Build Order
Export as new Build Order

jonnnhowss Protoss 

Build Orders:  

Get SALT Encoding   

  12  0:03  Probe  
  13  0:23  Pylon  
  13  0:32  Assimilator  
  13  0:41  Forge  
  13  1:11  Pylon  
  13  1:25  Pylon  
  13  1:34  Pylon  
  13  1:45  Photon Cannon  
  13  1:53  Pylon  
  12  2:10  Pylon  
  10  2:23  Photon Cannon  
  10  2:44  Probe  
  11  2:56  Probe (Chrono Boost)  
  12  3:09  Probe (Chrono Boost)  
  12  3:12  Assimilator  
  13  3:23  Gateway  
  13  3:30  Pylon  
  13  3:34  Probe  
  14  3:52  Probe  
  15  4:04  Probe  
  16  4:21  Cybernetics Core  
  16  4:38  Probe  
  17  4:57  Nexus  
  17  5:00  Stargate  
  17  5:22  Photon Cannon  
  17  5:29  Probe (Chrono Boost)  
  17  5:33  Adept  
  20  5:40  Void Ray  
  24  5:59  Pylon  
  24  6:01  Probe  
  25  6:13  Probe  
  26  6:25  Probe  
  27  7:08  Phoenix  
  29  7:15  Probe (Chrono Boost)  
  30  7:27  Probe (Chrono Boost)  
  31  7:30  Forge  
  31  7:33  Phoenix  
  31  7:34  Shield Battery  
  31  7:36  Probe  
  34  7:40  Warp Gate  
  34  7:44  Stalker  
  34  7:47  Probe (Chrono Boost)  
  37  7:56  Probe (Chrono Boost)  
  37  7:58  Probe (Chrono Boost)  
  40  8:05  Probe (Chrono Boost)  
  40  8:09  Shield Battery  
  40  8:17  Pylon  
  40  8:20  Pylon  
  40  8:30  Probe  
  40  8:33  Protoss Ground Armor Level 1  
  41  8:49  Photon Cannon  
  41  8:54  Twilight Council  
  41  9:03  Assimilator  
  41  9:10  Phoenix  
  43  9:24  Probe  
  44  9:34  Nexus, Protoss Air Weapons Level 1  
  44  9:48  Assimilator  
  44  9:51  Adept  
  46  10:00  Unknown  
  46  10:19  Probe  
  47  10:28  Dark Shrine  
  47  10:31  Pylon  
  47  10:36  Charge  
  47  10:39  Probe (Chrono Boost)  
  49  10:50  Probe (Chrono Boost), Oracle  
  49  10:55  Probe (Chrono Boost)  
  53  11:05  Probe  
  54  11:18  Probe  
  55  11:48  Dark Templar  
  57  11:59  Robotics Facility  
  56  12:27  Zealot  
  58  12:55  Robotics Bay  
  54  13:21  Dark Templar  
  49  13:43  Disruptor (Chrono Boost)  
Tags
 
Matchup
PvT
Player
ViBE
Spawn Locations
Cross Positions
Add a new tag
Caveats
  • Supply blocks, unpowered buildings, or Contaminate may cause inaccurate times.
  • Supply counts are checked every 10 seconds.